 Dungeon Crawl Stone Soup version 0.17-a0-910-ga669010 (console) character file.

95 sose the Stinger (level 4, -2/36 HPs)
             Began as a Naga Venom Mage on May 2, 2015.
             Slain by a gnoll
             ... wielding a +0 halberd
              (4 damage)
             ... on level 3 of the Dungeon.
             The game lasted 00:07:49 (2648 turns).

sose the Stinger (Naga Venom Mage)                  Turns: 2648, Time: 00:07:49

Health: -2/36      AC:  2    Str: 11    XL:     4   Next: 65%
Magic:  1/7        EV: 10    Int: 16    God:
Gold:   137        SH:  0    Dex: 11    Spells: 2 memorised, 3 levels left

rFire  . . .     SeeInvis +     v - +0 spear
rCold  . . .     Clarity  .     a - +0 robe
rNeg   . . .     SustAb   .     (no shield)
rPois  +         Gourm    .     (no helmet)
rElec  .         Spirit   .     (no cloak)
rCorr  .         Warding  .     (no gloves)
rMut   .         Stasis   .     (no barding)
MR     .....                    (no amulet)
Stlth  ++........               (no ring)
                                i - ring of wizardry

@: very slow, not resistant to hostile enchantments, unstealthy
A: see invisible, deformed body, poison resistance, slowness 2, slow metabolism
1, spit poison 2, AC +1
a: Spit Poison


You were on level 3 of the Dungeon.
You were hungry.

You visited 1 branch of the dungeon, and saw 3 of its levels.

You collected 137 gold pieces.

Inventory:

Hand weapons
 j - a +0 dagger
 v - a +0 spear (weapon)
Armour
 a - a +0 robe (worn)
 w - a +0 leather armour
 A - a cursed +0 ring mail
Jewellery
 i - a ring of wizardry (left hand)
Scrolls
 d - 3 scrolls of identify
 g - 2 scrolls of noise {unknown}
 h - a scroll of enchant weapon {unknown}
 m - 4 scrolls of remove curse
 q - a scroll of magic mapping {unknown}
 r - a scroll of blinking {unknown}
 s - a scroll of amnesia {unknown}
 y - a scroll of teleportation {unknown}
Potions
 e - a potion of brilliance {unknown}
 k - 2 potions of lignification
 l - 2 potions of beneficial mutation {unknown}
 n - 2 potions of curing {unknown}
 o - 2 potions of flight {unknown}
 p - a potion of cancellation {unknown}
 t - a potion of agility {unknown}
 u - a potion of haste {unknown}
 x - a potion of heal wounds {unknown}
Books
 b - a Young Poisoner's Handbook

   Spells                             Type                      Level
   a - Sting                          Conjuration/Poison           1
   b - Cure Poison                    Poison                       2
   c - Mephitic Cloud                 Conjuration/Poison/Air       3
   d - Olgreb's Toxic Radiance        Poison                       4
   e - Venom Bolt                     Conjuration/Poison           5
Comestibles
 c - 3 bread rations
 f - a royal jelly
 z - a beef jerky


   Skills:
 - Level 1.5 Dodging
 - Level 3.0 Stealth
 - Level 2.0 Spellcasting
 + Level 3.4 Conjurations
 + Level 1.9 Air Magic
 - Level 5.3 Poison Magic


You had 3 spell levels left.
You knew the following spells:

 Your Spells              Type           Power        Failure   Level  Hunger
a - Sting                 Conj/Pois      ###.         1%          1    #......
b - Mephitic Cloud        Conj/Pois/Air  ##......     6%          3    ###....


Dungeon Overview and Level Annotations

Branches:
Dungeon (3/15)

Altars:
Ashenzari
Trog


Innate Abilities, Weirdness & Mutations

You cannot wear boots.
Your serpentine skin is tough (AC +1).
You have supernaturally acute eyesight.
Armour fits poorly on your strangely shaped body.
Your system is resistant to poisons.
You cover ground very slowly.
You have a slow metabolism.
You can spit poison.


Message History

The gnoll hits the gnoll with a flail!
The gnoll is killed!
The quokka barely misses you.
You hit the quokka but do no damage. The quokka barely misses you.
You hit the quokka but do no damage. The quokka barely misses you.
The quokka bites you.
You barely miss the quokka. The gnoll closely misses you. The quokka bites you.
You closely miss the quokka.
The gnoll hits you from afar with a halberd.
The quokka closely misses you. The gnoll barely misses you.
The quokka bites you.
You hit the gnoll.
The gnoll is moderately wounded.
The gnoll seems less confused.
The gnoll hits you with a halberd!
* * * LOW HITPOINT WARNING * * *
The quokka bites you but does no damage.
You hit the gnoll.
The gnoll is severely wounded.
The quokka barely misses you. The gnoll hits you with a halberd.
You die...

#......#....g..# ...
#.......>...###
...###........######
.....#..#............
#.............#.##
##.........####
###.............
##..g...........#
#..@g.............
#.r##...#########
#.##....## #..
#.....# #..#
#.###......... #.#
... ...#.###< ....##.
........ ##.#
..#....#.....
.##....... .


You could see 2 gnolls and a quokka.

Vanquished Creatures
  An orc priest (D:3)
  A gnoll (D:3)
  A shadow imp (D:3)
  2 worms
  4 giant geckos
  2 orcs (D:3)
  A ball python (D:2)
  2 bats
  A giant cockroach (D:1)
  6 goblins
  9 hobgoblins
  4 kobolds
  4 rats
38 creatures vanquished.

Notes
Turn   | Place    | Note
--------------------------------------------------------------
     0 | D:1      | sose, the Naga Venom Mage, began the quest for the Orb.
     0 | D:1      | Reached XP level 1. HP: 15/15 MP: 3/3
    97 | D:1      | Reached skill level 1 in Conjurations
   158 | D:1      | Reached XP level 2. HP: 22/22 MP: 3/5
   639 | D:1      | Reached XP level 3. HP: 11/28 MP: 1/6
   847 | D:1      | Learned a level 3 spell: Mephitic Cloud
   915 | D:2      | Found a shattered altar of Ashenzari.
  1799 | D:3      | Reached skill level 1 in Air Magic
  1842 | D:3      | Found a bloodstained altar of Trog.
  2152 | D:3      | Reached XP level 4. HP: 11/36 MP: 0/7
  2648 | D:3      | Slain by a gnoll

Action                   |  1- 3 |  4- 6 || total
-------------------------+-------+-------++-------
Melee: Unarmed           |     3 |       ||     3
       Dagger            |    58 |       ||    58
       Spear             |    30 |    15 ||    45
 Cast: Sting             |    51 |     5 ||    56
       Mephitic Cloud    |     4 |     2 ||     6
 Abil: Spit Poison       |    14 |     1 ||    15
  Use: Scroll            |     2 |       ||     2
 Stab: Sleeping          |     2 |       ||     2
  Eat: Chunk             |     5 |     1 ||     6
